 Dungeon Crawl Stone Soup version 0.31.0-4-g52a2dc7128 (webtiles) character file.

Game seed: 6432095331671085206

65 solopath the Shield-Bearer (level 3, 0/36 HPs)
             Began as a Troll Fighter on Jan 23, 2024.
             Succumbed to Sigmund's poison
             ... on level 2 of the Dungeon.
             The game lasted 00:02:39 (890 turns).

solopath the Shield-Bearer (Troll Fighter)           Turns: 890, Time: 00:02:39

Health: 0/36       AC:  4    Str: 24    XL:     3   Next: 92%
Magic:  2/2        EV:  8    Int:  6    God:
Gold:   86         SH:  8    Dex:  9    Spells: 2/2 levels left

rFire   . .          .
                       - Unarmed
rCold   . . .        b - +0 kite shield
rNeg    . . .        a - +0 robe
rPois   .            (helmet restricted)
rElec   .            (no cloak)
rCorr   .            (gloves unavailable)
SInv    .            (boots unavailable)
Will    .....        (no amulet)
Stlth   +            (no ring)
HPRegen 1.06/turn    (no ring)
MPRegen 0.08/turn

%: no passive effects
@: lethally poisoned (0 -> -5)
A: large, unfitting armour, claws 3, regeneration 1, shaggy fur 1, tough skin 1
a: no special abilities


You were on level 2 of the Dungeon.
You visited 1 branch of the dungeon, and saw 2 of its levels.

You collected 178 gold pieces.
You spent 92 gold pieces at shops.

Inventory:

Armour
 a - a +0 robe (worn)
 b - a +0 kite shield (worn)
Jewellery
 p - a ring of poison resistance
Talismans
 f - a blade talisman
Scrolls
 e - a scroll of poison {unknown}
 h - 2 scrolls of teleportation {unknown}
 i - 3 scrolls of brand weapon {unknown}
 j - a scroll of amnesia {unknown}
 k - a scroll of fear {unknown}
 l - a scroll of torment {unknown}
 m - a scroll of identify {unknown}
 n - 2 scrolls of vulnerability {unknown}
 o - a scroll of silence {unknown}
Potions
 c - a potion of might
 d - a potion of curing {unknown}
 g - a potion of haste {unknown}
 q - a potion of cancellation {unknown}


   Skills:
 - Level 2.5 Fighting
 - Level 2.5 Dodging
 + Level 3.3 Shields
 * Level 3.3 Unarmed Combat


You had 2 spell levels left.
You didn't know any spells.
Your spell library contained the following spells:

 Spells                   Type           Power      Damage    Failure   Level
 Dazzling Flash           Conj/Hex       0%         N/A       97%         3
 Volatile Blastmotes      Fire/Tloc      0%         2d10      97%         3
 Starburst                Conj/Fire      0%         6d3       100%        6
 Maxwell's Capacitive Co  Air            0%         ∞         100%        8


Dungeon Overview and Level Annotations

Branches:
Dungeon (2/15)

Altars:

Shops:
D:2 [**


Innate Abilities, Weirdness & Mutations

You are too large for most types of armour.
You have claws for hands.
Your natural rate of healing is unusually fast.
You are covered in fur. (AC +1)
You have tough skin. (AC +1)


Message History

No target in view!
No target in view!
No target in view!
No target in view!
No target in view!
No target in view!
No target in view!
No target in view!
Found Jonaggiu's General Store.
No target in view!
q - a fizzy white potion
There is an entrance to Jonaggiu's General Store here.
Sigmund the Dreaded comes into view.
He is wielding a +4 scythe of venom.
Sigmund shouts!
Sigmund points at you and mumbles some strange words.
You are confused.
Sigmund is nearby!
You bump into the rock wall.
You're too confused to move!
Sigmund mumbles some strange words.
Sigmund flickers and vanishes!
Deactivating autopickup; reactivate with Ctrl-A.
You're too confused to move!
You feel less confused.
You hear some strange, mumbled words.
A magic dart appears from out of thin air!
The magic dart hits you!
You scratch something but do no damage. Something hits you.
You miss something. Something hits you!
You are poisoned.
You claw something!
You feel sick.
You barely miss something.
You feel sick. Something hits you!
* * * LOW HITPOINT WARNING * * *
You scratch something.
You feel sick. Something hits you.
* * * LOW HITPOINT WARNING * * *
You are lethally poisoned!
You claw something!
Reactivating autopickup.
You feel a bit more experienced.
You die...

##.........#...
##.......#####
########.#### #
#.∩.# #.# .. #...#
#.# ...### #...# #.#
....##...####.### ##
#..#..........#####.
#)@...####.#.......
####....##..######.
##....##.# #.
###..##.# ...
#.....# #.#.
#.#..###....
#..#.......#
#......#...
#.#####........#


There were no monsters in sight!

Vanquished Creatures
  Sigmund (D:2)
  2 adders (D:2)
  2 dart slugs (D:1)
  4 bats
  3 endoplasms
  A giant cockroach (D:1)
  5 goblins (D:1)
  6 hobgoblins
  4 jackals (D:2)
  4 kobolds
  A quokka (D:1)
  3 ball pythons (D:1)
  2 frilled lizards
  A rat (D:2)
39 creatures vanquished.

Notes
Turn   | Place    | Note
-------+----------+-------------------------------------------
     0 | D:1      | solopath the Troll Fighter began the quest for the Orb.
     0 | D:1      | Reached XP level 1. HP: 22/22 MP: 0/0
   182 | D:1      | Reached XP level 2. HP: 14/29 MP: 1/1
   354 | D:1      | Reached XP level 3. HP: 36/36 MP: 2/2
   546 | D:2      | Found Ytsar's Armour Shop.
   599 | D:2      | Found Piguroad's Assorted Antiques.
   604 | D:2      | Bought a scroll labelled ZASCHE EFAZUW for 23 gold pieces
   604 | D:2      | Bought a scroll labelled MOGISU HUIMAT for 23 gold pieces
   604 | D:2      | Bought a scroll labelled GOEZIC WEXZO for 23 gold pieces
   604 | D:2      | Bought a scroll labelled GECKOK UFOJU for 23 gold pieces
   866 | D:2      | Found Jonaggiu's General Store.
   877 | D:2      | Noticed Sigmund
   890 | D:2      | Killed Sigmund
   890 | D:2      | Succumbed to Sigmund's poison

Illustrated notes

Levels and vault maps discovered:
D:1:      minmay_arrival_wavy_path, layout_rooms, minmay_cupped
D:2:      layout_rooms, serial_shops, shop, nicolae_shop_advertising_works
          [nicolae_subvault_shop_adworks], shop, uniq_sigmund

Skill      XL: |  1  2  3 |
---------------+----------+-----
Shields        | 3 |  3.3
Unarmed Combat | 3 |  3.3
Fighting       | |  2.5
Dodging        | |  2.5

Action                     || total
---------------------------++-------
  Melee: Unarmed           ||   126
 Armour: Robe              ||   118
  Dodge: Dodged            ||    66
  Block: Kite shield       ||    65
